 Dungeon Crawl Stone Soup version 0.31.0-11-ge490571c62 (webtiles) character file.

Game seed: 16610554836796921493

22148 Rassilon the Martial Artist (level 12, -3/92 HPs)
             Began as a Demonspawn Monk on Jan 31, 2024.
             Was a Priest of Wu Jian.
             Slain by an orc warrior
             ... wielding a +0 scimitar
              (13 damage)
             ... on level 12 of the Dungeon.
             The game lasted 01:21:16 (13154 turns).

Rassilon the Martial Artist (Demonspawn Monk)      Turns: 13154, Time: 01:21:18

Health: -3/92      AC: -2    Str: 19    XL:     12   Next: 60%
Magic:  0/22       EV: 16    Int: 10    God:    Wu Jian [***...]
Gold:   864        SH:  0    Dex: 19    Spells: 11/24 levels left

rFire   . .          .
                       - Unarmed
rCold   . . .        (no shield)
rNeg    . . .        g - +0 acid dragon scales
rPois   +            (no helmet)
rElec   .            e - +2 cloak
rCorr   +            (no gloves)
SInv    .            E - +0 pair of boots
Will    +....        (no amulet)
Stlth   +++          p - ring of Komaock {^Drain Will+ rCorr Str+3 Stlth+}
HPRegen 0.35/turn    v - ring of poison resistance
MPRegen 0.36/turn

%: guardian spirit
@: corroded, hasted, very quick
A: claws 2, thin skeletal structure 1, powered by death 2, magic shield, magic
regeneration
a: Renounce Religion, Wall Jump, Serpent's Lash


You were on level 12 of the Dungeon.
You worshipped Wu Jian.
Wu Jian was most pleased with you.
You visited 3 branches of the dungeon, and saw 15 of its levels.
You also visited: Sewer, Ossuary and Bailey.

You collected 891 gold pieces.
You spent 27 gold pieces at shops.

Inventory:

Missiles
 h - a curare-tipped dart
 z - 21 boomerangs (quivered)
Armour
 e - a +2 cloak (worn)
 g - +0 acid dragon scales (worn)
 D - the +2 robe of Qazlal's Castigation {SInv Stlth+}
   (You found it on level 2 of the Lair of Beasts)

   SInv:      It lets you see invisible.
   Stlth+:    It makes you more stealthy.
 E - a +0 pair of boots (worn)
Jewellery
 p - the ring of Komaock (left claw) {^Drain Will+ rCorr Str+3 Stlth+}
   (You acquired it on level 6 of the Dungeon)

   [ring of resist corrosion]

   Str+3:     It affects your strength (+3).
   Will+:     It increases your willpower.
   rCorr:     It protects you from acid and corrosion.
   ^Drain:    It drains your maximum health when unequipped.
   Stlth+:    It makes you more stealthy.
 v - a ring of poison resistance (right claw)
 I - a ring of magical power
Talismans
 u - a serpent talisman
 K - a blade talisman
Wands
 a - a wand of acid (14)
 q - a wand of polymorph (16)
 x - a wand of digging (8)
 F - a wand of mindburst (7)
Scrolls
 c - a scroll of enchant armour
 j - a scroll of brand weapon
 l - 2 scrolls of blinking
 n - 2 scrolls of amnesia
 r - a scroll of summoning
 w - a scroll of revelation
 y - 2 scrolls of teleportation
 A - 2 scrolls of fog
 B - a scroll of fear
 H - 2 scrolls of torment
Potions
 b - 2 potions of lignification
 d - 3 potions of attraction
 f - 10 potions of curing
 i - 2 potions of haste
 k - a potion of resistance
 m - 4 potions of magic
 o - 2 potions of ambrosia
 s - 2 potions of cancellation
 t - a potion of berserk rage
 C - a potion of invisibility
 G - a potion of brilliance
 L - a potion of enlightenment {unknown}


   Skills:
 - Level 8.0 Fighting
 - Level 8.0 Dodging
 * Level 12.9 Unarmed Combat
 + Level 6.9 Spellcasting
 + Level 3.5 Hexes
 + Level 3.8 Necromancy
 + Level 2.5 Ice Magic
 + Level 6.1 Shapeshifting


You had 11 spell levels left.
You knew the following spells:

 Your Spells              Type           Power      Damage    Failure   Level
a - Confusing Touch       Hex            10%        N/A       17%         3
b - Frozen Ramparts       Ice            16%        1d3       26%         3
c - Animate Armour        Summ/Erth      6%         N/A       94%         4
d - Fugue of the Fallen   Necr           11%        N/A       16%         3

Your spell library contained the following spells:

 Spells                   Type           Power      Damage    Failure   Level
 Slow                     Hex            40%        N/A       6%          1
 Freeze                   Ice            32%        1d5       9%          1
 Ensorcelled Hibernation  Hex/Ice        18%        N/A       11%         2
 Vampiric Draining        Necr           11%        2d6       16%         3
 Sigil of Binding         Hex            10%        N/A       17%         3
 Hailstorm                Conj/Ice       5%         3d5       41%         3
 Anguish                  Hex/Necr       5%         N/A       50%         4
 Volatile Blastmotes      Fire/Tloc      6%         2d10      58%         3
 Fulminant Prism          Conj/Alch      1%         3d5       94%         4
 Iskenderun's Mystic Bla  Conj/Tloc      3%         2d3       94%         4
 Summon Lightning Spire   Summ/Air       3%         N/A       94%         4
 Lee's Rapid Deconstruct  Erth           1%         3d4*      100%        5


Dungeon Overview and Level Annotations

Branches:
Dungeon (12/15)            Temple (1/1) D:7            Lair (2/5) D:8
  Sewer (visited)         Ossuary (visited)          Bailey (visited)
  Swamp: Lair:2-3    Shoals: Lair:2-3     Snake: Lair:2-3    Spider: Lair:2-3
    Orc: D:9-12

Altars:
Ashenzari
Cheibriados
Dithmenos
Fedhas
Gozag
Hepliaklqana
Kikubaaqudgha
Makhleb
Nemelex Xobeh
Okawaru
Qazlal
Ru
Sif Muna
Trog
Uskayaw
Vehumet
Wu Jian
Xom
Yredelemnul

Shops:
D:6 *


Innate Abilities, Weirdness & Mutations

You have very sharp fingernails.
You have a somewhat thin skeletal structure. (Dex +2, Stealth+)
You regenerate health from kills.
When hurt, damage is shared between your health and your magic reserves.
You regenerate magic rapidly.


Message History

You hear a shout! x5
Unknown command.
The warg closely misses you.
An orc priest comes into view. It is wielding a +0 hand axe.
You lunge at the brown ugly thing.
You barely miss the brown ugly thing.
The brown ugly thing is heavily wounded.
You spin and attack the warg.
You claw the warg!
The warg is moderately wounded.
The warg bites you but does no damage. The brown ugly thing bites you!
The acid corrodes you!
You are splashed with acid.
You resist.
You spin and attack the warg.
You closely miss the warg.
The warg is moderately wounded.
The warg bites you.
Unknown command.
Aiming: Wall Jump
Press: ? - help, Dir - move target A howler monkey comes into view.
The howler monkey hoots and howls with incredible vigour!
The warg barely misses you.
The howler monkey hoots and howls with incredible vigour!
The orc warrior completely misses you. The warg bites you!
* * * LOW HITPOINT WARNING * * *
You hear a shout! x4; You hear a horrible gurgling sound!
You feel yourself speed up.
The howler monkey hoots and howls with incredible vigour!
The warg misses you.
You hear a shout! x2
You spin and attack the orc repeatedly.
You scratch the orc but do no damage. You claw the orc, but do no damage.
You closely miss the orc.
You spin and attack the orc warrior repeatedly.
You scratch the orc warrior but do no damage.
You claw the orc warrior!
The orc warrior is moderately wounded.
The orc hits you with a +0 club.
* * * LOW HITPOINT WARNING * * *
The orc priest invokes the aid of Beogh against you.
Beogh smites you!
* * * LOW HITPOINT WARNING * * *
The orc warrior hits you with a +0 scimitar!
You die...

..##+####....# ..# .. ###'##
#. ..# ...##...####
#######..#. ..# .........#..
.......... ###
.........#.###........
...##....#.#.........# . ..
#...##.#........?##.. .
#........o..##.......
#........@h.u##o......
+.........o.pho....... ####
#..........oo.K.......
......$##....##...##oh.......
.......##....##...##o........
.......#.....................
.......#.....................
.......+ .......##........
.......# .##.... #......$.


You could see a brown ugly thing, a human, a warg, an orc warrior, 2 howler
monkeys, 3 orc priests, 2 orcs and a kobold.

Vanquished Creatures
  A catoblepas (Lair:2)
  Erica (D:9)
  A boulder beetle (Lair:1)
  The ghost of Goncyn the Cleaver, a novice MiBe of Trog (D:9)
  Nergalle (D:11)
  A skyshark (Lair:2)
  A cyclops (D:11)
  2 manticores (D:11)
  An ugly thing (D:11)
  2 black mambas (Lair:2)
  A torpor snail (Lair:1)
  3 cane toads
  An unseen horror (D:8)
  4 komodo dragons
  2 rime drakes
  A troll (D:6)
  A polar bear (Lair:2)
  10 blink frogs (Lair:1)
  A hornet (D:7)
  Sigmund (D:2)
  A shadow (D:10)
  23 yaks
  4 wraiths
  A basilisk (Lair:2)
  4 vampire mosquitoes (D:12)
  2 swamp worms (Lair:2)
  9 water moccasins
  2 acid dragons
  An ice beast (D:7)
  A black bear (D:7)
  6 orc warriors
  3 ogres (D:6)
  4 wolves (Lair:2)
  3 centaurs
  A kobold brigand (D:9)
  A phantom (D:6)
  An elf zombie (Ossuary)
  8 bullfrogs
  9 scorpions
  4 wights (D:7)
  8 killer bees (D:9)
  6 howler monkeys
  A centaur zombie (Ossuary)
  6 hounds
  2 bombardier beetles
  3 human zombies (Ossuary)
  4 orc priests
  A gnoll bouda (D:6)
  Terence (D:2)
  3 sleepcaps
  2 orc wizards
  5 iguanas
  6 hound zombies (Ossuary)
  3 mummies
  Robin (D:2)
  4 gnolls (Bailey)
  6 adders
  3 white imps
  7 adder zombies (Ossuary)
  3 ribbon worms
  7 dart slugs
  36 orcs
  12 endoplasms
  16 giant cockroaches
  14 goblins
  7 hobgoblins
  3 jackals (D:1)
  25 kobolds
  6 quokkas
  16 ball pythons
  3 bats
  10 frilled lizards
  3 gnoll zombies (Ossuary)
  4 jackal zombies (Ossuary)
  8 kobold zombies (Ossuary)
  4 orc zombies (Ossuary)
  10 rats
  A butterfly (Lair:1)
385 creatures vanquished.

Notes
Turn   | Place    | Note
-------+----------+-------------------------------------------
     0 | D:1      | Rassilon the Demonspawn Monk began the quest for the Orb.
     0 | D:1      | Reached XP level 1. HP: 18/18 MP: 1/1
   165 | D:1      | Reached skill level 3 in Unarmed Combat
   165 | D:1      | Gained mutation: You have a somewhat thin skeletal
                  | structure. (Dex +2, Stealth+) [demonic ancestry]
   165 | D:1      | Reached XP level 2. HP: 11/24 MP: 2/2
   618 | D:2      | Noticed Robin
   628 | D:2      | Reached XP level 3. HP: 27/29 MP: 3/3
   638 | D:2      | Noticed Terence
   646 | D:2      | Killed Robin
   670 | D:2      | Killed Terence
   671 | D:2      | Gained mutation: You regenerate a little health from kills.
                  | [demonic ancestry]
   671 | D:2      | Reached XP level 4. HP: 28/35 MP: 4/4
   916 | D:2      | Noticed Sigmund
   931 | D:2      | Killed Sigmund
   932 | D:2      | Reached skill level 4 in Unarmed Combat
   932 | D:2      | Gained mutation: You have sharp fingernails. [demonic
                  | ancestry]
   932 | D:2      | Reached XP level 5. HP: 42/42 MP: 5/5
  1477 | D:2      | Found a faded altar of an unknown god.
  1873 | D:3      | You fall into a shaft and drop 1 floor!
  1909 | D:4      | Gained mutation: You regenerate health from kills. [demonic
                  | ancestry]
  1909 | D:4      | Reached XP level 6. HP: 36/48 MP: 6/6
  1979 | D:4      | Found a blossoming altar of Fedhas.
  1985 | D:4      | Found an ancient bone altar of Kikubaaqudgha.
  1988 | D:4      | Found a radiant altar of Vehumet.
  1988 | D:4      | Found a hazy altar of Hepliaklqana.
  1998 | D:4      | Found a shimmering blue altar of Sif Muna.
  2101 | D:4      | Reached skill level 5 in Unarmed Combat
  2187 | D:4      | Found a sand-covered staircase.
  2194 | Ossuary  | Entered an ossuary
  2406 | Ossuary  | Reached XP level 7. HP: 55/55 MP: 7/7
  2480 | Ossuary  | Reached skill level 5 in Fighting
  2480 | Ossuary  | Reached skill level 6 in Unarmed Combat
  2731 | D:5      | Entered Level 5 of the Dungeon
  3160 | D:5      | Found a broken altar of Ashenzari.
  3794 | D:6      | Found a glowing drain.
  3821 | Sewer    | Entered a sewer
  3947 | Sewer    | Reached XP level 8. HP: 63/63 MP: 8/8
  4057 | Sewer    | Reached skill level 5 in Dodging
  4169 | D:6      | Reached skill level 7 in Unarmed Combat
  4284 | D:6      | Found Dagocsyh's Assorted Antiques.
  4293 | D:6      | Bought a scroll labelled NELUYL DYCABAXT for 27 gold pieces
  4294 | D:6      | Identified a scroll of acquirement
  4294 | D:6      | Acquired the ring of Komaock {^Drain Will+ rCorr Str+3
                  | Stlth+}
  4446 | D:6      | Noticed a troll
  4456 | D:6      | Killed a troll
  4457 | D:6      | Reached skill level 8 in Unarmed Combat
  4667 | D:6      | Gained mutation: You have very sharp fingernails. [demonic
                  | ancestry]
  4667 | D:6      | Reached XP level 9. HP: 71/71 MP: 9/9
  4702 | D:6      | Found a stormy altar of Qazlal.
  5097 | D:7      | Reached skill level 1 in Spellcasting
  5133 | D:7      | Found a flagged portal.
  5150 | D:7      | Reached skill level 1 in Shapeshifting
  5166 | Bailey   | Entered a bailey
  5171 | Bailey   | Noticed an orc warlord
  5227 | Bailey   | Reached skill level 9 in Unarmed Combat
  5249 | Bailey   | Found a runed translucent gate.
  5254 | Bailey   | Found a runed translucent gate.
  5272 | Bailey   | Found a runed translucent gate.
  5606 | D:7      | Found a staircase to the Ecumenical Temple.
  5641 | Temple   | Entered the Ecumenical Temple
  5965 | D:7      | Gained mutation: You regenerate magic rapidly. [demonic
                  | ancestry]
  5965 | D:7      | Reached XP level 10. HP: 79/79 MP: 13/13
  6376 | D:8      | Found a staircase to the Lair.
  6964 | D:8      | Found a bloodstained altar of Trog.
  7080 | D:9      | Found a sparkling altar of Nemelex Xobeh.
  7157 | D:9      | Found a runed translucent door.
  7157 | D:9      | Noticed Goncyn's ghost (novice MiBe)
  7262 | D:9      | Found a snail-covered altar of Cheibriados.
  7526 | D:9      | Reached skill level 10 in Unarmed Combat
  7585 | D:9      | Noticed Erica
  7603 | D:9      | Killed Erica
  7853 | D:9      | Found a hide-covered altar of Uskayaw.
  7998 | D:10     | Entered Level 10 of the Dungeon
  8331 | D:10     | Learned a level 3 spell: Confusing Touch
  8335 | D:10     | Learned a level 3 spell: Frozen Ramparts
  8340 | D:10     | Learned a level 4 spell: Animate Armour
  8493 | D:10     | Found an ornate altar of the Wu Jian Council.
  8506 | D:10     | Became a worshipper of the Wu Jian Council
  8506 | D:10     | Reached * piety under Wu Jian
  8506 | D:10     | Reached ** piety under Wu Jian
  8537 | D:10     | Gained mutation: When hurt, damage is shared between your
                  | health and your magic reserves. [demonic ancestry]
  8537 | D:10     | Reached XP level 11. HP: 54/86 MP: 17/17
  8610 | D:10     | Learned a level 3 spell: Fugue of the Fallen
  8801 | Lair:1   | Entered Level 1 of the Lair of Beasts
  9026 | Lair:1   | Reached skill level 11 in Unarmed Combat
  9160 | Lair:1   | Noticed a boulder beetle
  9174 | Lair:1   | Reached skill level 5 in Spellcasting
  9203 | Lair:1   | Killed a boulder beetle
  9253 | Lair:1   | Reached skill level 5 in Shapeshifting
  9967 | Lair:2   | Reached skill level 12 in Unarmed Combat
 10165 | Lair:2   | Noticed a catoblepas
 10180 | Lair:2   | Killed a catoblepas
 10181 | Lair:2   | Reached skill level 1 in Hexes
 10181 | Lair:2   | Reached skill level 1 in Necromancy
 10247 | Lair:2   | HP: 4/86 [poisoned by a cane toad]
 10589 | Lair:2   | Noticed a skyshark
 10592 | Lair:2   | Reached *** piety under Wu Jian
 10593 | Lair:2   | Reached XP level 12. HP: 92/92 MP: 21/21
 10601 | Lair:2   | Identified the +2 robe of Qazlal's Castigation {SInv
                  | Stlth+}
 10844 | Lair:2   | Reached skill level 1 in Ice Magic
 11403 | Lair:2   | Noticed a five-headed hydra
 11421 | Lair:2   | Noticed a five-headed hydra
 11431 | Lair:2   | HP: 1/92 [five-headed hydra (9)]
 11825 | D:9      | Killed Goncyn's ghost
 12009 | D:11     | Noticed Nergalle
 12051 | D:11     | Killed Nergalle
 12492 | D:11     | Found a bloodstained altar of Trog.
 13154 | D:12     | Slain by an orc warrior

Illustrated notes

Levels and vault maps discovered:
D:1:      dpeg_arrival_ratfight, layout_basic, hangedman_feature_mirror,
          solitary_fountain, minmay_pentomino_v2
D:2:      layout_basic, shapermc_ecumenical_altar_mp_highgroup, uniq_sigmund,
          uniq_terence, uniq_robin
D:3:      layout_loops_cross
D:4:      layout_rooms, nicolae_overflow_hallway_of_the_gods,
          gup_ossuary_entry_pyramid
D:5:      layout_layer_cave, ashenzari_altar_1
D:6:      layout_gridville, mainiacjoe_overflow_24_doors, gup_sewer_entry_pipe,
          serial_shops, shop, minmay_fractal_squares_gapless_5
D:7:      layout_loops_cross, minmay_temple_entry_drinking_statues,
          enter_bailey_2
D:8:      layout_loops_ring, mainiacjoe_overflow_chevrons,
          mainiacjoe_overflow_surrounded_room, lair_entry_dummy
D:9:      layout_long_grid, zin_scriptorium, mainiacjoe_overflow_alcove_1,
          lemuel_doored_altar, mainiacjoe_overflow_alcove_2,
          gammafunk_ghost_grave, uniq_erica
D:10:     layout_loops_ring, nicolae_wu_jian_wuxing_cycle
D:11:     layout_loops_ring, serial_library_regret_index_double_sided,
          trog_butcher_becter, uniq_nergalle
D:12:     layout_gridville, erik_orc_4, minmay_the_grid_square_5x5_3x3_mashed
          [minmay_the_grid_square_5x5_pentomino_r,
          minmay_the_grid_square_5x5_eight, minmay_the_grid_square_5x5_six,
          minmay_the_grid_square_5x5_half_checkered,
          minmay_the_grid_square_5x5_megaprize_checkered,
          minmay_the_grid_square_5x5_inset, minmay_the_grid_square_5x5_tie,
          minmay_the_grid_square_5x5_shrine1,
          minmay_the_grid_square_5x5_tetrominoes]
Temple:   hellmonk_temple_flake
Lair:1:   layout_cave_pods, lemuel_fruit_fields, grunt_megastairs_5
Lair:2:   layout_regular_city, palyth_hydra_swamp_entry

Skill      XL: |  1  2  3  4  5  6  7  8  9 10 11 12 |
---------------+-------------------------------------+-----
Unarmed Combat | 3 4 5 6 8 9 10 12 | 12.9
Dodging        | 3 4 5 6 7 8 |  8.0
Fighting       | 4 5 6 7 8 |  8.0
Spellcasting   | 2 4 6 |  6.9
Shapeshifting  | 2 3 5 6 |  6.1
Hexes          | 1 3 |  3.5
Necromancy     | 1 3 |  3.8
Ice Magic      | 2 |  2.5

Action                     |  1- 3 |  4- 6 |  7- 9 | 10-12 || total
---------------------------+-------+-------+-------+-------++-------
  Melee: Unarmed           |   117 |   235 |   488 |   767 ||  1607
         Punch             |       |       |       |    58 ||    58
  Throw: Boomerang         |       |       |       |     3 ||     3
   Cast: Fugue of the Fall |       |       |       |     4 ||     4
         Confusing Touch   |       |       |       |     9 ||     9
         Frozen Ramparts   |       |       |       |     3 ||     3
Ability: Whirlwind         |       |       |       |   170 ||   170
         Lunge             |       |       |       |    25 ||    25
         Wall Jump         |       |       |       |    15 ||    15
  Evoke: Wand              |       |       |       |     1 ||     1
    Use: Potion            |     1 |       |     5 |     5 ||    11
         Scroll            |       |     9 |    10 |     9 ||    28
   Stab: Sleeping          |     1 |     3 |     3 |    16 ||    23
         Confused          |       |       |       |     8 ||     8
 Armour: Robe              |    47 |   115 |    25 |       ||   187
         Leather armour    |       |       |   258 |    85 ||   343
         Acid dragon scale |       |       |       |   285 ||   285
  Dodge: Dodged            |    79 |   159 |   376 |   481 ||  1095
